 Dungeon Crawl Stone Soup version 0.19-a0-1608-g4cf22de (webtiles) character file.

5526 4thArraOfDagon the Carver (level 10, -26/77 HPs)
             Began as a Vampire Gladiator on Sept 17, 2016.
             Was a High Priest of Okawaru.
             Killed by dispel undead
             ... invoked by Josephine
              (38 damage)
             ... on level 11 of the Dungeon.
             The game lasted 00:23:52 (4317 turns).

4thArraOfDagon the Carver (Vampire Gladiator)       Turns: 4317, Time: 00:23:52

Health: -26/77     AC:  8    Str: 16    XL:     10   Next: 43%
Magic:  7/13       EV: 24    Int: 14    God:    Okawaru [*****.]
Gold:   297        SH:  0    Dex: 23    Spells: 3 memorised, 2 levels left

rFire  . . .     SeeInvis +     q - +1 scimitar (flame)
rCold  x . .     Gourm    .     r - +0 robe of Omission {rC- Dex+8}
rNeg   . . .     Faith    +     (no shield)
rPois  .         Spirit   .     c - +0 helmet
rElec  .         Dismiss  .     (no cloak)
rCorr  .         Reflect  .     e - -1 pair of gloves (curse)
MR     +....     Harm     .     o - +0 pair of boots
Stlth  +++.......               f - amulet of faith
                                x - +2 ring of strength
                                w - +3 ring of protection

@: heroism, finesse, regenerating quickly, drained
A: fangs 3, see invisible, unbreathing
a: Heroism, Finesse, Renounce Religion


You were on level 11 of the Dungeon.
You worshipped Okawaru.
Okawaru was extremely pleased with you.
You were very full.

You visited 2 branches of the dungeon, and saw 15 of its levels.
You also visited: Labyrinth.

You collected 297 gold pieces.

Inventory:

Hand Weapons
 a - a +1 long sword
 l - a +0 scimitar
 q - a +1 scimitar of flaming (weapon)
Armour
 b - a +0 leather armour
 c - a +0 helmet (worn)
 e - a cursed -1 pair of gloves (worn)
 o - a +0 pair of boots (worn)
 r - the +0 robe of Omission (worn) {rC- Dex+8}
   (You found it on level 7 of the Dungeon)

   It affects your dexterity (+8).
   It makes you vulnerable to cold.
Jewellery
 f - an amulet of faith (around neck)
 h - a cursed amulet of inaccuracy {unknown}
 n - the ring "Eckob" {rN+ Int+3}
   (You found it in a labyrinth)

   [ring of positive energy]

   It affects your intelligence (+3).
   It protects you from negative energy.
 w - a +3 ring of protection (left hand)
 x - a +2 ring of strength (right hand)
 B - an uncursed amulet of the gourmand {unknown}
Wands
 d - a wand of disintegration (0/24)
 g - a wand of lightning (5/15)
 t - a wand of polymorph (9/24)
 y - a wand of teleportation (4/9)
Scrolls
 k - 5 scrolls of remove curse
 p - a scroll of silence
 z - a scroll of brand weapon {unknown}
 C - 2 scrolls of recharging {unknown}
Potions
 i - 11 potions of blood
 m - a potion of curing
 s - 2 potions of cancellation
 u - a potion of agility {unknown}
 v - a potion of brilliance
 A - a potion of flight


   Skills:
 + Level 6.8(11.1) Fighting
 * Level 10.6(14.9) Long Blades
 - Level 1.5(5.9) Throwing
 + Level 8.7(13.0) Dodging
 + Level 5.2(4.6) Invocations


You had 2 spell levels left.
You knew the following spells:

 Your Spells              Type           Power        Failure   Level  Hunger
a - Apportation           Tloc           #.........   30%         1    ##.....
b - Passage of Golubria   Tloc           N/A          100%        4    #####..
c - Blink                 Tloc           N/A          43%         2    ###....


Dungeon Overview and Level Annotations

Branches:
Dungeon (14/15)            Temple (1/1) D:7             Orc (0/2) D:12
 Vaults (0/5) D:13
   Lair: D:8-11

Altars:
Ashenzari
Dithmenos
Fedhas
Gozag
Nemelex Xobeh
Okawaru
Qazlal
Sif Muna
Trog
Xom
Yredelemnul
Zin

Shops:
D:4 :   D:8 [

Annotations:
D:11 Grum, Josephine
D:13 Rupert
D:14 Kirke


Innate Abilities, Weirdness & Mutations

Your natural rate of healing is unusually fast.
You have razor-sharp teeth.
You have supernaturally acute eyesight. (SInv)
You can survive without breathing.


Message History

The ghostly fireball engulfs Josephine.
Josephine completely resists.
You hear a shout!
You hear an angry hiss.
Unknown command.
Unknown command.
You closely miss Josephine.
Josephine is almost dead.
Unknown command.
Unknown command.
You hit Josephine. You burn Josephine.
Josephine is almost dead.
Unknown command.
Unknown command.
As you read the scroll of fear, it crumbles to dust.
You assume a fearsome visage.
Josephine looks frightened!
The wraith is unaffected. x2; The orc warrior looks frightened!
The orc looks frightened!
The hill giant looks frightened!
Josephine begs, "Please don't kill me!"
Josephine points at you and mumbles some strange words.
You convulse!
You die...

#.# ### #.# .(# #.#
###.# #.# ..#.# #.#
#.#.# #[# #.#.#####.#
##.##########.#.......#
....o.C@@Wo......>##..#
##.######W###.#S..<#..#
#.# #[###..#..# #W#
#†#....#..# #W#
#.#.#.....# #.#
#.#.#..#.## #W#
#.#.####.# #.# #.#....#
# #.#.<#.#


You could see Josephine (fleeing), a hill giant (fleeing), 2 wraiths, an orc
warrior (fleeing) and an orc (fleeing).

Vanquished Creatures
  A minotaur (Lab)
  Erica (D:11)
  A centaur zombie (D:11)
  A gargoyle (D:13)
  A troll (D:9)
  A hungry ghost (D:11)
  2 vampire mosquitoes (D:14)
  A basilisk (D:9)
  2 orc warriors
  A necrophage (D:9)
  3 sky beasts
  An ogre (D:7)
  4 wolves (D:12)
  2 centaurs
  2 big kobolds
  A crocodile (D:10)
  3 bullfrogs
  A scorpion (D:8)
  A water moccasin skeleton (D:5)
  3 killer bees (D:11)
  A wight (D:9)
  2 howler monkeys (D:7)
  4 crimson imps
  A bullfrog zombie (D:8)
  A quasit (D:10)
  2 hounds
  2 centaur skeletons
  2 jellies
  3 orc priests
  Jessica (D:3)
  8 orc wizards
  2 worker ants
  A howler monkey zombie (D:9)
  5 adders
  3 shadow imps
  An ooze (D:3)
  A worm (D:3)
  3 leopard geckos
  20 orcs
  3 giant cockroaches
  3 goblins
  3 hobgoblins
  5 jackals
  4 quokkas
  2 ball pythons (D:6)
  A bat (D:3)
  A frilled lizard (D:1)
  A giant cockroach zombie (D:6)
  10 kobolds
  A quokka skeleton (D:8)
130 creatures vanquished.

Vanquished Creatures (others)
  A killer bee (D:11)
1 creature vanquished.

Grand Total: 131 creatures vanquished

Notes
Turn   | Place    | Note
-------+----------+-------------------------------------------
     0 | D:1      | 4thArraOfDagon the Vampire Gladiator began the quest for the Orb.
     0 | D:1      | Reached XP level 1. HP: 16/16 MP: 1/1
   275 | D:3      | Noticed an orc priest
   281 | D:3      | Noticed an orc wizard
   294 | D:3      | Killed an orc wizard
   294 | D:3      | Reached XP level 2. HP: 6/22 MP: 2/2
   294 | D:3      | Reached XP level 3. HP: 8/27 MP: 3/3
   298 | D:3      | Noticed Jessica
   302 | D:3      | RIP
   316 | D:3      | Killed Jessica
   355 | D:3      | Reached XP level 4. HP: 17/34 MP: 4/4
   435 | D:3      | Found a blossoming altar of Fedhas.
   446 | D:3      | FAIL
   508 | D:4      | Noticed a centaur
   513 | D:4      | Killed a centaur
   513 | D:4      | Reached skill level 4 in Long Blades
   513 | D:4      | Reached XP level 5. HP: 24/40 MP: 5/5
   528 | D:4      | Found Caod's Book Boutique.
   589 | D:5      | Entered Level 5 of the Dungeon
   971 | D:7      | Noticed an orc warrior
  1110 | D:5      | Reached skill level 5 in Long Blades
  1110 | D:5      | Reached XP level 6. HP: 45/47 MP: 6/6
  1125 | D:5      | Reached skill level 5 in Dodging
  1247 | D:4      | 4thArraOfDagon: looking like 3k
  1364 | D:6      | Noticed an orc warrior
  1375 | D:6      | Killed an orc warrior
  1382 | D:6      | Noticed a sky beast
  1410 | D:6      | Killed a sky beast
  1410 | D:6      | Reached XP level 7. HP: 8/53 MP: 7/7
  1433 | D:6      | 4thArraOfDagon: atheist
  1442 | D:6      | Reached skill level 6 in Long Blades
  1548 | D:7      | Found a stormy altar of Qazlal.
  1779 | D:7      | Got a warped robe
  1790 | D:7      | Identified the +0 robe of Omission {rC- Dex+8} (You found it on level 7 of the Dungeon)
  1790 | D:7      | Found a staircase to the Ecumenical Temple.
  1807 | Temple   | Entered the Ecumenical Temple
  1815 | Temple   | Became a worshipper of Warmaster Okawaru
  1843 | D:7      | Found a sparkling altar of Nemelex Xobeh.
  1891 | D:7      | Reached skill level 1 in Invocations
  1969 | D:8      | Learned a level 1 spell: Apportation
  1982 | D:8      | Found Efucaen's Armour Emporium.
  1990 | D:8      | Reached * piety under Okawaru
  1990 | D:8      | Reached skill level 7 in Long Blades
  1990 | D:8      | Reached XP level 8. HP: 34/61 MP: 8/8
  2016 | D:8      | :(
  2172 | D:9      | Found a basalt altar of Yredelemnul.
  2207 | D:9      | Found a basalt altar of Yredelemnul.
  2246 | D:9      | Reached ** piety under Okawaru
  2331 | D:9      | Noticed a troll
  2342 | D:9      | jacquesderrida: Slasherist
  2350 | D:9      | jacquesderrida: Soon to become carverist
  2350 | D:9      | Killed a troll
  2350 | D:9      | Reached skill level 5 in Fighting
  2350 | D:9      | Reached skill level 8 in Long Blades
  2368 | D:9      | Noticed a deep elf mage
  2399 | D:8      | jacquesderrida: >>>>>>>>>>>>>>>>>>>>Alive
  2418 | D:8      | jacquesderrida: Debatable...
  2440 | D:9      | ReniFell: jukerist
  2446 | D:9      | jacquesderrida: ANd a subject that is prone to changing
  2456 | D:8      | jacquesderrida: ;^)
  2485 | D:8      | jacquesderrida: HeniReni
  2520 | D:9      | jacquesderrida: The citizen of Pisos City
  2545 | D:10     | Entered Level 10 of the Dungeon
  2566 | D:10     | ReniFell: Cisos Pity
  2576 | D:10     | Reached XP level 9. HP: 61/67 MP: 11/11
  2904 | D:10     | Reached *** piety under Okawaru
  2948 | D:11     | jacquesderrida: Armar
  2954 | D:11     | jacquesderrida: Nais
  2965 | D:11     | Noticed a green ugly thing
  3042 | D:12     | Reached skill level 9 in Long Blades
  3068 | D:12     | Found a labyrinth entrance.
  3078 | Lab      | Entered a labyrinth
  3096 | Lab      | MyOtheHedgeFox: Hello, Dagoner!
  3113 | Lab      | MyOtheHedgeFox: Why are you an Executioner Demon?
  3160 | Lab      | ReniFell: default VP skin
  3206 | Lab      | MyOtheHedgeFox: In the config file?
  3476 | Lab      | ReniFell: well in this case its default skin for all races
  3657 | Lab      | ReniFell: waste of time!1
  3783 | Lab      | wazuzu: That's skin appropriation, check your privilege, panlord
  3823 | Lab      | Noticed a minotaur
  3835 | Lab      | Killed a minotaur
  3835 | Lab      | Reached **** piety under Okawaru
  3835 | Lab      | Received a gift from Okawaru
  3837 | Lab      | Got a shimmering iron ring
  3842 | Lab      | jacquesderrida: Hilarious
  3847 | Lab      | Learned a level 4 spell: Passage of Golubria
  3850 | Lab      | Learned a level 2 spell: Blink
  3850 | Lab      | MyOtheHedgeFox: BUTTERFLIES
  3850 | Lab      | Identified the ring "Eckob" {rN+ Int+3} (You found it in a labyrinth)
  3851 | Lab      | MyOtheHedgeFox: THE BEST SPELL
  3853 | Lab      | :(
  3853 | Lab      | jacquesderrida: Thank
  3853 | Lab      | 4thArraOfDagon: this is so op
  3853 | Lab      | MyOtheHedgeFox: Mr
  3853 | Lab      | jacquesderrida: wew
  3856 | D:12     | jacquesderrida: Dis bed
  3875 | D:12     | jacquesderrida: smh
  3887 | D:13     | Found a gate to the Vaults.
  3887 | D:13     | Noticed an orc knight
  3887 | D:13     | Noticed Rupert
  3887 | D:13     | Noticed a centaur warrior
  3888 | D:13     | MyOtheHedgeFox: Bed?
  3888 | D:13     | wazuzu: Skrltal
  3922 | D:13     | Noticed a gargoyle
  3935 | D:13     | wazuzu: oh ffuck ive been spooked
  3949 | D:13     | Killed a gargoyle
  3950 | D:13     | so OP
  4034 | D:14     | Reached skill level 10 in Long Blades
  4034 | D:14     | Reached XP level 10. HP: 18/76 MP: 11/13
  4042 | D:14     | jacquesderrida: Welcome to riposte town
  4079 | D:14     | Noticed Kirke
  4079 | D:14     | MyOtheHedgeFox: ??riposte
  4079 | D:14     | beem: riposte[1/2]: New mechanic in 0.19. Long blades & the {fencer's gloves} give a 50% chance to retaliate when enemies miss you, giving you an automatic free attack. Monsters aren't cool enough to riposte.
  4092 | D:13     | MyOtheHedgeFox: ??riposte[2]
  4095 | D:13     | beem: riposte[2/2]: If you're using the fencer's gloves with a long blade, the riposte chance stacks and becomes 100%.
  4133 | D:11     | Noticed Grum
  4133 | D:11     | Noticed a cyclops
  4134 | D:11     | Noticed Josephine
  4134 | D:11     | jacquesderrida: wew
  4134 | D:11     | SO OP
  4136 | D:12     | MyOtheHedgeFox: ??mark
  4136 | D:12     | beem: sentinel's mark[1/1]: Reveals your location to all awake monsters on the level while in effect, and makes them more able to pathfind towards you. Caused by vault sentinels, alarm traps, and Dithmenos wrath. {potion of cancellation} removes this!
  4190 | D:11     | Noticed Erica
  4203 | D:11     | MyOtheHedgeFox: > Hero > Alive
  4204 | D:11     | jacquesderrida: FLAMING SCIMI
  4211 | D:11     | Killed Erica
  4211 | D:11     | Reached ***** piety under Okawaru
  4211 | D:11     | Reached skill level 5 in Invocations
  4216 | D:11     | jacquesderrida: Nais
  4224 | D:11     | jacquesderrida: Reee
  4283 | D:11     | MyOtheHedgeFox: > Might > Alive
  4303 | D:11     | Noticed a hill giant
  4310 | D:11     | jacquesderrida: Oops
  4317 | D:11     | Killed from afar by Josephine

Vault maps used:
D:1:      scummos_arrival_forest, serial_forest, infiniplex_forest_corner_1,
          infiniplex_forest_corner_1, infiniplex_forest_zigzag_2,
          infiniplex_forest_clump_long, infiniplex_forest_end_double
D:2:      kennysheep_big_flooded_room, overflow_temple_1_default, first_bread,
          nrook_loot_triangle
D:3:      overflow_temple_1_default, lemuel_round_altar, tso_metal_star,
          uniq_jessica
D:4:      serial_shops, shop, shop, nicolae_shop_stone
D:5:      kennysheep_generic_room_14
D:7:      lemuel_coloured_pillars_altar, nemelex_diamond_rough_becter,
          uniq_menkaure
D:8:      serial_shops, nicolae_shop_crystal
D:9:      minmay_cornered_nines, old_standard_altar, erik_lair_orcish_takeover,
          basic_altar
D:10:     grunt_livestock
D:11:     uniq_josephine, uniq_erica, uniq_grum
D:12:     david_orc_4, serial_column_ruins, column_ruins_temple_hut,
          column_ruins_grid_1, column_ruins_open_small,
          column_ruins_open_medium, column_ruins_grid_3, lab_entry_generic
D:13:     david_vaults_3, special_room, nicolae_gozag_seed_capital
D:14:     minivault_23, basic_altar, uniq_agnes, uniq_urug, uniq_sonja,
          uniq_kirke
Temple:   lightli_temple_of_artemis
Lab:      nicolae_lab_statue

Skill      XL: |  1  2  3  4  5  6  7  8  9 10 |
---------------+-------------------------------+-----
Fighting       | 2 3 4 5 6 |  6.8
Dodging        | 4 5 6 7 8 |  8.7
Long Blades    | 4 5 7 8 10 | 10.6
Invocations    | 1 3 4 5 |  5.2
Throwing       | |  1.5

Action                   |  1- 3 |  4- 6 |  7- 9 | 10-12 || total
-------------------------+-------+-------+-------+-------++-------
Melee: Long sword        |    56 |   105 |       |       ||   161
       Bite              |     7 |     7 |    51 |    23 ||    88
       Scimitar          |       |    10 |   356 |    88 ||   454
       Punch             |       |       |     3 |     3 ||     6
Throw: Throwing net      |     4 |       |       |       ||     4
Invok: Heroism           |       |       |     7 |     4 ||    11
       Finesse           |       |       |       |     1 ||     1
Evoke: Wand              |       |     5 |     6 |       ||    11
  Use: Potion            |     4 |       |    19 |     4 ||    27
       Scroll            |       |     7 |     6 |     1 ||    14
 Stab: Sleeping          |     1 |       |     2 |     1 ||     4
       Held in net/web   |     1 |       |       |       ||     1
       Distracted        |       |       |     1 |       ||     1
  Eat: Corpse            |     4 |     6 |     4 |       ||    14
Armor: Leather armour    |     6 |    29 |     5 |       ||    40
       Skin              |       |       |     8 |       ||     8
       Robe              |       |       |    25 |    12 ||    37
Dodge: Dodged            |    24 |    56 |   211 |    60 ||   351
